 Dungeon Crawl Stone Soup version 0.30-a0-55-g90e3122c3a (webtiles) character file.

Game seed: 14511296306688373493

1099 Decritt the Trooper (level 8, -4/53 HPs)
             Began as a Gargoyle Fighter on Sept 9, 2022.
             Slain by Menkaure (17 damage)
             ... on level 5 of the Dungeon.
             The game lasted 00:10:24 (5178 turns).

Decritt the Trooper (Gargoyle Fighter)              Turns: 5178, Time: 00:10:24

Health: -4/53      AC: 14    Str: 22    XL:     8   Next: 32%
Magic:  8/8        EV:  8    Int:  9    God:
Gold:   274        SH:  8    Dex:  9    Spells: 7/7 levels left

rFire   + . .      SeeInvis .    q - +2 war axe (flame)
rCold   . . .      Faith    .    l - +0 kite shield {rF+}
rNeg    + . .      Spirit   .    b - +0 scale mail
rPois   ∞          Reflect  .    c - +0 helmet
rElec   +          Harm     .    (no cloak)
rCorr   .          Rampage  .    (no gloves)
Will    .....                    (no boots)
Stlth   ..........               (no amulet)
HPRegen 0.17/turn                (no ring)
MPRegen 0.11/turn                (no ring)

@: mighty
A: sickness immunity, AC +5, negative energy resistance 1, electricity
resistance, torment resistance 1, petrification resistance
a: no special abilities


You were on level 5 of the Dungeon.
You visited 1 branch of the dungeon, and saw 5 of its levels.

You collected 274 gold pieces.

Inventory:

Hand Weapons
 p - a +0 morningstar
 q - a +2 war axe of flaming (weapon)
Missiles
 e - a throwing net
 g - 9 poisoned darts (quivered)
 h - 8 boomerangs
Armour
 b - a +0 scale mail (worn)
 c - a +0 helmet (worn)
 l - a +0 kite shield of fire resistance (worn)
Wands
 f - a wand of flame (17)
 n - a wand of iceblast (12)
Scrolls
 i - 4 scrolls of magic mapping
 j - a scroll of acquirement {unknown}
 k - a scroll of enchant armour
 r - a scroll of enchant weapon {unknown}
 t - a scroll of fear {unknown}
Potions
 a - a potion of degeneration {unknown}
 d - a potion of might
 o - a potion of attraction
 s - 2 potions of haste
 u - a potion of berserk rage
 v - a potion of flight


   Skills:
 * Level 7.3 Fighting
 + Level 4.9 Maces & Flails
 + Level 5.6 Armour
 + Level 5.5 Shields


You had 7 spell levels left.
You didn't know any spells.
Your spell library contained the following spells:

 Spells                   Type           Power      Damage    Failure   Level
 Apportation              Tloc           0%         N/A       95%         1
 Beastly Appendage        Tmut           0%         N/A       95%         1
 Wereblood                Tmut           0%         N/A       99%         2
 Spider Form              Tmut/Pois      0%         N/A       100%        3
 Alistair's Intoxication  Tmut/Pois      0%         N/A       100%        5
 Summon Hydra             Summ           0%         N/A       100%        7
 Sublimation of Blood     Necr           Unusable   N/A       N/A         2

Dungeon Overview and Level Annotations

Branches:
Dungeon (5/15)
 Temple: D:4-7

Altars:
Makhleb

Shops:
D:3 :

Annotations:
D:5 Menkaure, Pikel


Innate Abilities, Weirdness & Mutations

You are immune to sickness and miasma.
Your stone body is resilient. (AC +5)
You are immune to poison.
You resist negative energy. (rN+)
You are resistant to electric shocks. (rElec)
You are resistant to unholy torment.
You are immune to petrification.


Message History

You see here 8 stones.
There is a shaft here.
There is a shaft here.
Key pressed, stopping explore.
Things that are here:
a +0 leather armour; a +0 hand axe; a +0 club Done exploring.
Done exploring.
(D) Dungeon
Where to? (Enter - D:4, ? - help)
Things that are here:
a +0 leather armour; a +0 club
There is a stone staircase leading down here.
You climb downwards.
Level annotation: Pikel Menkaure shouts!
There is a stone staircase leading up here.
Menkaure is nearby!
You slash Menkaure! You burn Menkaure.
Menkaure is heavily damaged.
Menkaure hits you!
You barely miss Menkaure.
Menkaure is heavily damaged.
Menkaure hits you!!
* * * LOW HITPOINT WARNING * * *
You barely miss Menkaure.
Menkaure is heavily damaged.
Menkaure calls on the powers of darkness!
Your body is wracked with pain!
* * * LOW HITPOINT WARNING * * *
You feel better. You block Menkaure's attack.
You feel very mighty all of a sudden.
Menkaure whispers in an indecipherable tongue.
You block Menkaure's attack.
You barely miss Menkaure.
Menkaure is heavily damaged.
Menkaure hits you!!
* * * LOW HITPOINT WARNING * * *
You feel better. Menkaure hits you!
You die...

### #..
#.# #M#
#
#@#.#.#
#<....#
#######


You could see Menkaure.

Vanquished Creatures
  Grinder (D:3)
  A black bear (D:4)
  An ogre (D:5)
  A lemure (D:4)
  A phantom (D:5)
  3 scorpions
  2 hounds
  An orc priest (D:4)
  Natasha (thrice) (D:3)
  An iguana (D:4)
  An orc wizard (D:4)
  Robin (D:3)
  4 gnolls (D:4)
  8 adders
  2 white imps
  2 worms (D:2)
  19 orcs
  7 bats
  5 endoplasms
  A giant cockroach (D:3)
  16 goblins
  8 hobgoblins
  6 jackals (D:1)
  7 kobolds
  2 quokkas (D:1)
  5 ball pythons
  A frilled lizard (D:3)
  2 rats
112 creatures vanquished.

Notes
Turn   | Place    | Note
-------+----------+-------------------------------------------
     0 | D:1      | Decritt the Gargoyle Fighter began the quest for the Orb.
     0 | D:1      | Reached XP level 1. HP: 14/14 MP: 1/1
   345 | D:1      | Reached XP level 2. HP: 19/19 MP: 2/2
   778 | D:1      | Reached XP level 3. HP: 22/24 MP: 3/3
  1330 | D:1      | Reached skill level 4 in Fighting
  1494 | D:2      | Reached XP level 4. HP: 21/29 MP: 4/4
  1706 | D:2      | Found a burning altar of Makhleb.
  1887 | D:2      | Found a faded altar of an unknown god.
  2262 | D:3      | Noticed Natasha
  2271 | D:3      | Killed Natasha
  2272 | D:3      | Reached XP level 5. HP: 24/34 MP: 5/5
  2280 | D:3      | Noticed Natasha
  2288 | D:3      | Killed Natasha
  2424 | D:3      | Noticed Natasha
  2431 | D:3      | Killed Natasha
  2519 | D:3      | Found Kusam's Vocational Training.
  2593 | D:3      | Noticed Grinder
  2935 | D:3      | Paralysed by Grinder for 2 turns
  2943 | D:3      | Killed Grinder
  2944 | D:3      | Reached skill level 5 in Fighting
  2944 | D:3      | Reached XP level 6. HP: 40/40 MP: 6/6
  3212 | D:4      | Noticed Robin
  3215 | D:3      | Killed Robin
  3450 | D:4      | Reached XP level 7. HP: 41/45 MP: 7/7
  3520 | D:4      | Reached skill level 6 in Fighting
  3810 | D:4      | Reached skill level 5 in Armour
  3972 | D:4      | You fall into a shaft and drop 1 floor!
  3972 | D:5      | Entered Level 5 of the Dungeon
  4090 | D:5      | Reached skill level 5 in Shields
  4381 | D:5      | Reached XP level 8. HP: 47/52 MP: 8/8
  4481 | D:5      | Reached skill level 7 in Fighting
  4654 | D:5      | Noticed Pikel
  5170 | D:5      | Noticed Menkaure
  5178 | D:5      | Slain by Menkaure

Illustrated notes

Levels and vault maps discovered:
D:1:      amcnicky_arrival_gap_in_the_tavern_cellar, layout_basic,
          minmay_misc_feat_room, hangedman_decor_peaks_small
D:2:      layout_rooms, hellmonk_ecumenical_altar_slurped_away, basic_altar
D:3:      layout_rooms, minmay_door_square, minivault_14,
          nicolae_shop_vocational, uniq_grinder, uniq_natasha
D:4:      layout_rooms, uniq_robin
D:5:      layout_basic, uniq_edmund, uniq_pikel, uniq_menkaure

Skill      XL: |  1  2  3  4  5  6  7  8 |
---------------+-------------------------+-----
Fighting       | 4 5 6 7 |  7.3
Maces & Flails | 3 4 |  4.9
Armour         | 4 5 |  5.6
Shields        | 4 5 |  5.5

Action                   |  1- 3 |  4- 6 |  7- 9 || total
-------------------------+-------+-------+-------++-------
Melee: Whip              |   113 |    11 |       ||   124
       Flail             |     5 |       |       ||     5
       Spear             |       |    48 |       ||    48
       War axe           |       |    47 |    95 ||   142
       Unarmed           |       |     7 |       ||     7
Throw: Dart              |    14 |       |    30 ||    44
       Boomerang         |    11 |    50 |     9 ||    70
  Use: Scroll            |       |       |     7 ||     7
       Potion            |       |       |     3 ||     3
Armor: Scale mail        |    83 |    74 |    57 ||   214
Dodge: Dodged            |    68 |    53 |    23 ||   144
Block: Buckler           |    21 |       |       ||    21
       Kite shield       |    31 |    53 |    59 ||   143

Table legend: (Time is in decaauts)
 A = Elapsed time spent in this place.
 B = Non-inter-level travel time spent in this place.
 C = Inter-level travel time spent in this place.
 D = Time resting spent in this place.
 E = Time spent auto-exploring this place.
 F = Levels seen in this place.
 G = Mean time per level.
                   A        B        C        D        E       F      G
               +--------+--------+--------+--------+--------+-----+--------+
         Total |   5306 |   5228 |     78 |   1413 |   2724 |   5 | 1061.2 |
       Dungeon |   5306 |   5228 |     78 |   1413 |   2724 |   5 | 1061.2 |
               +--------+--------+--------+--------+--------+-----+--------+

Top non-repeatable levels by time:
     D:1: 1387 daAuts
     D:4: 1149 daAuts
     D:3: 1084 daAuts
     D:2: 926 daAuts
     D:5: 758 daAuts
